 Dungeon Crawl Stone Soup version 0.28-a0-895-g6e5f11bd55 (webtiles) character file.

Game seed: 8215990730460592088

9 mcbry74 the Chopper (level 2, 27/27 HPs)
             Began as a Hill Orc Berserker on Nov 22, 2021.
             Was a Follower of Trog.
             Quit the game on level 1 of the Dungeon.
             The game lasted 00:01:30 (455 turns).

mcbry74 the Chopper (Hill Orc Berserker)             Turns: 455, Time: 00:01:30

Health: 27/27      AC:  2    Str: 19    XL:     2   Next: 12%
Magic:  2/2        EV: 12    Int:  7    God:    Trog [*.....]
Gold:   9          SH:  0    Dex: 10    Spells: 1/1 levels left

rFire   . . .      SeeInvis .   a - +0 hand axe
rCold   . . .      Faith    .   (no shield)
rNeg    . . .      Spirit   .   b - +0 animal skin
rPois   .          Reflect  .   (no helmet)
rElec   .          Harm     .   (no cloak)
rCorr   .          Rampage  .   (no gloves)
Will    .....                   (no boots)
Stlth   +.........              (no amulet)
HPRegen 0.09/turn               (no ring)
MPRegen 0.08/turn               (no ring)

@: no status effects
A: no striking features
a: Renounce Religion, Berserk


You were on level 1 of the Dungeon.
You worshipped Trog.
Trog was aware of your devotion.
You visited 1 branch of the dungeon, and saw 1 of its levels.

You collected 9 gold pieces.

Inventory:

Hand Weapons
 a - a +0 hand axe (weapon)
Armour
 b - a +0 animal skin (worn)
Scrolls
 c - a scroll of blinking {unknown}


   Skills:
 + Level 3.9 Fighting
 + Level 4.3 Axes
 + Level 2.3 Armour
 + Level 1.6 Dodging


You had one spell level left.
You didn't know any spells.
Your spell library was empty.

Dungeon Overview and Level Annotations

Branches:
Dungeon (1/15)

Altars:


Message History

You now have 9 gold pieces.
A hobgoblin comes into view.
The hobgoblin shouts!
The hobgoblin hits you.
A hobgoblin comes into view.
The hobgoblin shouts!
You hit the hobgoblin.
The hobgoblin is heavily wounded.
The hobgoblin hits you.
You slash the hobgoblin!
You kill the hobgoblin!
Trog accepts your kill. The hobgoblin closely misses you.
You barely miss the hobgoblin. The hobgoblin misses you.
You hit the hobgoblin.
You kill the hobgoblin!
Trog accepts your kill.
You see here a hobgoblin corpse.
A hobgoblin comes into view.
The hobgoblin shouts!
You see here a scroll labelled ROASICLEFYSH.
You closely miss the hobgoblin. The hobgoblin hits you.
You hit the hobgoblin.
You kill the hobgoblin!
Trog accepts your kill.
You have reached level 2!
c - a scroll labelled ROASICLEFYSH A hobgoblin comes into view.
The hobgoblin shouts!
You barely miss the hobgoblin. The hobgoblin hits you. x2
You hit the hobgoblin.
The hobgoblin is moderately wounded.
The hobgoblin hits you.
You slash the hobgoblin!
You kill the hobgoblin!
Trog accepts your kill.
You start resting.
HP restored.
Unknown command.
Are you sure you want to abandon this character and quit the game? (Confirm with "yes".)

##### ...#
####.##########
#.............#
#
#....@#######.#
#.#....##
#.########
#.......#
#........#
#.......#
########.#
#.#...#.# #.# #
#...#.# #.#
##.##.#
######### #.#
.. .# #.......#
#.# ... ##
#.......####.#


There were no monsters in sight!

Vanquished Creatures
  A goblin (D:1)
  4 hobgoblins (D:1)
  A quokka (D:1)
  A rat (D:1)
7 creatures vanquished.

Notes
Turn   | Place    | Note
-------+----------+-------------------------------------------
     0 | D:1      | mcbry74 the Hill Orc Berserker began the quest for the Orb.
     0 | D:1      | Reached XP level 1. HP: 19/19 MP: 1/1
   242 | D:1      | Reached XP level 2. HP: 22/27 MP: 2/2
   455 | D:1      | Quit the game

Illustrated notes

Levels and vault maps discovered:
D:1:      dpeg_arrival_rooms_a, layout_loops_cross,
          hellmonk_ecumenical_altar_inner_sanctum, minmay_distorted

Action                   || total
-------------------------++-------
Melee: Hand axe          ||    14
Dodge: Dodged            ||     3

Table legend: (Time is in decaauts)
 A = Elapsed time spent in this place.
 B = Non-inter-level travel time spent in this place.
 C = Inter-level travel time spent in this place.
 D = Time resting spent in this place.
 E = Time spent auto-exploring this place.
 F = Levels seen in this place.
 G = Mean time per level.
                   A        B        C        D        E       F      G
               +--------+--------+--------+--------+--------+-----+--------+
         Total |    456 |    452 |      4 |    142 |    273 |   1 |  456.0 |
       Dungeon |    456 |    452 |      4 |    142 |    273 |   1 |  456.0 |
               +--------+--------+--------+--------+--------+-----+--------+

Top non-repeatable levels by time:
     D:1: 456 daAuts
